Map: Emerald City LE

Players

Zorli

  • Race: Protoss Protoss
  • Spawn Location: 5:00

MKing

  • Race: Terran Terran
  • Spawn Location: 5:00

Massa - Winner!

  • Race: Terran Terran
  • League: Gold
  • Spawn Location: 11:00

qqq - Winner!

  • Race: Zerg Zerg
  • League: Platinum
  • Spawn Location: 11:00

VOD

Have the link to the VOD?

Description

Time

  • Played on: May 19, 2020, 3:03 p.m.
  • Length: 4:05
Show
View Real Time Build Order
Export as new Build Order

Zorli Protoss 

Build Orders:  

Get SALT Encoding   

  12  0:01  Probe  
  13  0:14  Probe  
  14  0:22  Pylon  
  14  0:26  Probe  
  15  0:40  Probe (Chrono Boost)  
  16  0:53  Probe (Chrono Boost)  
  17  0:59  Probe (Chrono Boost)  
  17  1:01  Gateway  
  18  1:07  Probe  
  19  1:19  Probe  
  20  1:27  Assimilator  
  20  1:31  Probe  
  21  1:37  Nexus  
  21  1:49  Cybernetics Core  
  21  1:55  Assimilator  
  21  2:01  Probe  
  21  2:06  Pylon  
  22  2:13  Probe  
  22  2:26  Probe  
  23  2:37  Assimilator  
  23  2:41  Assimilator  
  23  2:48  Probe (Chrono Boost)  
  25  2:52  Probe (Chrono Boost)  
  25  3:00  Probe (Chrono Boost)  
  25  3:03  Probe (Chrono Boost)  
  25  3:05  Stargate  
  27  3:08  Probe (Chrono Boost)  
  27  3:09  Probe (Chrono Boost)  
  27  3:10  Stargate  
  29  3:14  Probe (Chrono Boost)  
  31  3:21  Probe (Chrono Boost)  
  31  3:24  Pylon  
  31  3:26  Probe (Chrono Boost)  
  32  3:30  Probe x2 (Chrono Boost)  
  34  3:40  Probe  
  34  3:41  Probe  
  36  3:53  Probe  
Show
View Real Time Build Order
Export as new Build Order

MKing Terran 

Build Orders:  

Get SALT Encoding   

  12  0:01  SCV  
  13  0:13  SCV  
  14  0:24  Supply Depot  
  14  0:25  SCV  
  15  0:46  SCV  
  15  0:48  Barracks  
  16  0:53  Refinery  
  16  0:58  SCV  
  17  1:13  SCV  
  18  1:36  Marine  
  18  1:38  Orbital Command  
  19  1:44  Command Center  
  18  2:04  Refinery  
  18  2:06  SCV, Factory  
  19  2:24  Supply Depot  
  19  2:25  SCV  
  20  2:35  Barracks Reactor  
  20  2:40  Barracks  
  20  2:41  SCV  
  21  2:53  Factory Tech Lab, SCV  
  22  3:02  Refinery  
  22  3:05  SCV  
  22  3:11  Starport  
  23  3:18  SCV  
  24  3:24  Orbital Command  
  24  3:29  Barracks Tech Lab  
  24  3:31  SCV  
  28  3:49  Engineering Bay  
Show
View Real Time Build Order
Export as new Build Order

Massa Terran - Winner!

Build Orders:  

Get SALT Encoding   

  12  0:11  Supply Depot  
  12  0:13  SCV  
  13  0:25  SCV  
  14  0:35  Barracks  
  14  0:38  SCV  
  15  0:50  SCV  
  16  1:02  SCV  
  17  1:15  SCV  
  17  1:17  Supply Depot  
  18  1:23  Marine  
  19  1:39  Barracks  
  19  1:41  Marine  
  20  1:59  Marine  
  21  2:07  Barracks  
  21  2:17  Marine, Command Center  
  22  2:34  Marine  
  22  2:35  Marine  
  24  2:45  SCV  
  24  2:48  Barracks  
  25  2:52  Marine  
  25  2:53  Marine  
  25  2:55  Supply Depot  
  25  2:57  SCV, Marine  
  28  3:09  Marine  
  28  3:10  Marine  
  30  3:15  Marine  
  30  3:17  SCV  
  32  3:25  Refinery  
  32  3:27  Marine  
  32  3:28  Marine  
  32  3:29  SCV  
  32  3:33  Marine  
  36  3:35  Marine  
  37  3:45  Marine  
  37  3:46  Marine  
Show
View Real Time Build Order
Export as new Build Order

qqq Zerg - Winner!

Build Orders: Hatch First 

Get SALT Encoding   

  12  0:03  Drone  
  13  0:10  Drone  
  14  0:36  Hatchery  
  13  0:47  Drone, Overlord  
  14  0:58  Extractor  
  14  1:00  Drone  
  14  1:10  Drone  
  15  1:12  Drone  
  16  1:18  Spawning Pool  
  15  1:26  Drone  
  17  1:40  Drone  
  17  1:41  Overlord  
  17  1:49  Drone  
  18  2:05  Queen  
  18  2:07  Queen  
  22  2:08  Zergling x2  
  22  2:10  Zergling x2  
  24  2:17  Metabolic Boost  
  24  2:20  Zergling x2  
  25  2:24  Zergling x2  
  25  2:28  Zergling x2  
  27  2:33  Zergling x2  
  27  2:34  Drone  
  29  2:40  Zergling x2  
  30  2:48  Zergling x2  
  31  2:59  Zergling x2  
  31  3:00  Zergling x4, Overlord  
  34  3:11  Zergling x4  
  36  3:18  Overlord  
  36  3:20  Zergling x4  
  36  3:21  Zergling x2  
  36  3:22  Zergling x2  
  36  3:23  Drone  
  41  3:37  Zergling x4  
  41  3:38  Drone  
  41  3:39  Zergling x2  
Tags
 
Add a new tag
Caveats
  • Supply blocks, unpowered buildings, or Contaminate may cause inaccurate times.
  • Supply counts are checked every 10 seconds.